 Dungeon Crawl Stone Soup version 0.29.1-15-g9cfb28693d (webtiles) character file.

Game seed: 2932296353514872520

273 croobank the Sneak (level 6, -4/43 HPs)
             Began as an Octopode Delver on Mar 11, 2023.
             Splashed by a jelly's acid (6 damage)
             ... in a sewer.
             The game lasted 00:07:38 (849 turns).

croobank the Sneak (Octopode Delver)                 Turns: 849, Time: 00:07:39

Health: -4/43      AC: -7    Str: 12    XL:     6   Next: 23%
Magic:  6/6        EV: 14    Int: 14    God:
Gold:   23         SH:  0    Dex: 13    Spells: 5/5 levels left

rFire   . . .      SeeInvis .   c - +0 dagger
rCold   . . .      Faith    .   (no shield)
rNeg    . . .      Spirit   .   (helmet restricted)
rPois   .          Reflect  .   (no amulet)
rElec   .          Harm     .   (no ring)
rCorr   .          Rampage  .   (no ring)
Will    .....                   (no ring)
Stlth   ++++++....              (no ring)
HPRegen 0.14/turn               (no ring)
MPRegen 0.10/turn               (no ring)
                                (no ring)
                                (no ring)

@: corroded, flying
A: almost no armour, amphibious, 8 rings, camouflage 1, gelatinous body 1,
nimble swimmer 1, tentacles
a: no special abilities


You were in a sewer.
You visited 1 branch of the dungeon, and saw 4 of its levels.
You also visited: Sewer.

You collected 23 gold pieces.

Inventory:

Hand Weapons
 a - a +0 hand axe
 c - a +0 dagger (weapon)
Jewellery
 j - a ring of positive energy
Wands
 f - a wand of digging (3)
Scrolls
 b - a scroll of fog
 g - a scroll of identify
 h - 3 scrolls of brand weapon
 l - a scroll of noise {unknown}
 m - a scroll of immolation {unknown}


   Skills:
 + Level 4.2 Fighting
 + Level 3.5 Axes
 + Level 3.5 Dodging
 + Level 7.9 Stealth


You had 5 spell levels left.
You didn't know any spells.
Your spell library was empty.

Dungeon Overview and Level Annotations

Branches:
Dungeon (6/15)              Sewer (1/1)
 Temple: D:4-7

Altars:
Vehumet

Annotations:
D:3 Terence


Innate Abilities, Weirdness & Mutations

You cannot wear most types of armour.
You are amphibious.
You can wear up to eight rings at the same time.
Your skin changes colour to match your surroundings (Stealth+).
Your rubbery body absorbs attacks. (AC +1, EV +1)
You are camouflaged when in or above water. (Stealth+)
You have tentacles for arms and can constrict up to eight enemies at once.


Message History

an adder corpse; a rat corpse You start resting.
A rat comes into view.
A rat is nearby!
An endoplasm and a ball python come into view.
A rat comes into view.
Found a sedimented pink potion.
The endoplasm quivers.
The endoplasm freezes you.
You are frozen.
You hit the endoplasm.
The endoplasm is lightly wounded.
The endoplasm hits you but does no damage.
You hit the endoplasm. You squeeze the endoplasm.
You kill the endoplasm!
Found a sedimented pink potion.
A jelly comes into view.
Found a scroll of magic mapping.
The jelly quivers.
You hit the jelly but do no damage.
Your tentacles burn!
The jelly hits you.
You are splashed with acid!
* * * LOW HITPOINT WARNING * * *
You feel better. The jelly hits you. The acid corrodes you!
You are splashed with acid!
* * * LOW HITPOINT WARNING * * *
Okay, then.
You hit the jelly but do no damage.
Your tentacles burn!
* * * LOW HITPOINT WARNING * * *
The jelly barely misses you.
Okay, then.
It was a potion of flight.
You feel very buoyant.
You fly up into the air.
The jelly closely misses you.
As you read the scroll labelled LUCSIKI FORIN, it crumbles to dust.
It is a scroll of identify.
h - 3 scrolls of brand weapon The jelly hits you.
* * * LOW HITPOINT WARNING * * *
The acid corrodes you!
You are splashed with acid.
You die...

####### ####
...~~.###### ##~.##
....~..~.##!.#~.~.##
#####..~.~#..~.~..~#
###.~~##...##J.#
##††.##?##@..#
#.~~.###...##
##~.~~~~..## ####
##~.....### .~.#
##~~~~.~.# .~~#
#.~.....~.# #..#
#~~.#..~~~..# #..#
#~~~##...##~rr #.†#
~~.~##.~~..##~.


You could see a jelly.

Vanquished Creatures
  Sigmund (D:3)
  Jessica (D:3)
  4 adders
  2 river rats (Sewer)
  An orc (D:3)
  6 endoplasms
  A giant cockroach (Sewer)
  A goblin (D:3)
  A hobgoblin (D:3)
  A quokka (D:3)
  4 ball pythons
  2 frilled lizards
  A kobold (D:3)
  4 rats
30 creatures vanquished.

Notes
Turn   | Place    | Note
-------+----------+-------------------------------------------
     0 | D:5      | croobank the Octopode Delver began the quest for the Orb.
     0 | D:5      | Reached XP level 1. HP: 16/16 MP: 1/1
    25 | D:6      | Noticed an ice beast
    42 | D:6      | Found a radiant altar of Vehumet.
    42 | D:6      | Noticed a wight
    42 | D:6      | Noticed a wight
    45 | D:6      | Noticed a necrophage
    52 | D:5      | Noticed a hound
   239 | D:3      | Noticed Terence
   286 | D:3      | Reached XP level 2. HP: 12/21 MP: 2/2
   429 | D:3      | Noticed Jessica
   435 | D:3      | Killed Jessica
   436 | D:3      | Reached skill level 7 in Stealth
   436 | D:3      | Reached XP level 3. HP: 13/26 MP: 3/3
   506 | D:4      | Noticed a black bear
   506 | D:4      | Noticed a scorpion
   511 | D:3      | Noticed Sigmund
   519 | D:3      | Killed Sigmund
   520 | D:3      | Reached XP level 4. HP: 25/33 MP: 4/4
   520 | D:3      | Reached XP level 5. HP: 28/37 MP: 5/5
   530 | D:3      | Found a glowing drain.
   537 | Sewer    | Entered a sewer
   696 | Sewer    | Reached XP level 6. HP: 36/43 MP: 6/6
   843 | Sewer    | HP: 2/43 [acid (3)]
   849 | Sewer    | HP: 2/43 [jelly (1)]
   849 | Sewer    | Splashed by a jelly's acid

Illustrated notes

Levels and vault maps discovered:
D:3:      minmay_angry_zag, layout_basic, lemuel_round_altar,
          portal_sewer_entry_b, uniq_terence, uniq_jessica, uniq_grinder,
          uniq_sigmund
D:4:      layout_gridville, lemuel_crystal_altar, mainiacjoe_overflow_brackets,
          ebering_ghost_inner_flame, serial_shops, shop, minmay_fountain_box,
          chequers_serial_rivers_micro_d
D:5:      layout_loops_ring
D:6:      layout_basic, zin_statuary, mainiacjoe_overflow_boulevard,
          minmay_temple_entry_nine_rooms, hellmonk_ghost_happy_afterlife
Sewer:    sewer_hellmonk_slimy_pipes

Skill      XL: |  1  2  3 |
---------------+----------+-----
Stealth        | 7 |  7.9
Fighting       | 4 |  4.2
Axes           | 3 |  3.5
Dodging        | 3 |  3.5

Action                   |  1- 3 |  4- 6 || total
-------------------------+-------+-------++-------
Melee: Hand axe          |    24 |       ||    24
       Constrict         |     9 |     7 ||    16
       Tentacles         |     6 |     9 ||    15
       Dagger            |     2 |    29 ||    31
  Use: Potion            |     3 |     2 ||     5
       Scroll            |     2 |     1 ||     3
 Stab: Sleeping          |    10 |     2 ||    12
Armor: Skin              |     2 |     2 ||     4
Dodge: Dodged            |     9 |    28 ||    37
